 Dungeon Crawl Stone Soup version 0.25-a0-591-g2ad0d861f1 (webtiles) character file.

Game seed: 229031402751213359, levelgen mode: deterministic

112 Esekla the Ducker (level 4, -1/21 HPs)
             Began as a Spriggan Artificer on Mar 14, 2020.
             Killed by divine providence
             ... invoked by an orc priest
              (10 damage)
             ... on level 3 of the Dungeon.
             The game lasted 00:07:54 (1754 turns).

Esekla the Ducker (Spriggan Artificer)              Turns: 1754, Time: 00:07:54

Health: -1/21      AC:  7    Str:  8    XL:     4   Next: 64%
Magic:  0/8        EV: 20    Int: 13    God:
Gold:   85         SH:  0    Dex: 16    Spells: 6/6 levels left

rFire    . . .     SeeInvis +   o - +1 short sword (venom)
rCold    . . .     Gourm    .   (shield restricted)
rNeg     . . .     Faith    .   b - +0 robe
rPois    .         Spirit   +   (helmet restricted)
rElec    .         Reflect  .   (no cloak)
rCorr    .         Harm     .   (gloves unavailable)
MR       .....                  (boots unavailable)
Stlth    ++........             l - amulet of guardian spirit
HPRegen  0.07/turn              p - +5 ring of protection
MPRegen  0.11/turn              (no ring)

@: very quick
A: very small, unfitting armour, see invisible, herbivore, speed 3, slow
metabolism 2
a: no special abilities


You were on level 3 of the Dungeon.
You were not hungry.

You visited 1 branch of the dungeon, and saw 3 of its levels.

You collected 85 gold pieces.

Inventory:

Hand Weapons
 o - a +1 short sword of venom (weapon)
Missiles
 g - 6 boomerangs (quivered)
 j - 19 poisoned darts
Armour
 b - a +0 robe (worn)
Jewellery
 l - an amulet of guardian spirit (around neck)
 p - a +5 ring of protection (left hand)
Wands
 c - a wand of flame (15)
 d - a wand of enslavement (15)
 e - a wand of random effects (15)
Scrolls
 a - a scroll of fog {unknown}
 i - 3 scrolls of teleportation {unknown}
 k - a scroll of remove curse {unknown}
 n - a scroll of identify {unknown}
 q - a scroll of magic mapping {unknown}
Potions
 h - 2 potions of heal wounds {unknown}
 m - a potion of brilliance {unknown}
 r - a potion of magic {unknown}
 s - a potion of stabbing {unknown}
 t - a potion of lignification {unknown}
 u - a potion of curing {unknown}
Comestibles
 f - 7 rations


   Skills:
 - Level 0.7 Fighting
 * Level 3.2 Short Blades
 * Level 4.9 Dodging
 + Level 2.2 Stealth
 * Level 1.8 Spellcasting
 - Level 4.0 Evocations


You had 6 spell levels left.
You didn't know any spells.
Your spell library was empty.

Dungeon Overview and Level Annotations

Branches:
Dungeon (3/15)

Altars:
Okawaru
Sif Muna

Annotations:
D:2 Sigmund


Innate Abilities, Weirdness & Mutations

You are very small and have problems with some larger weapons.
You are too small for most types of armour.
You have supernaturally acute eyesight. (SInv)
You are a herbivore.
You cover ground extremely quickly.
You need to consume almost no food.


Message History

You kill the orc priest!
Your Short Blades skill increases to level 3!
An orc comes into view. It is wielding a +0 club.
A crimson imp comes into view.
The orc priest completely misses you.
You barely miss the orc priest.
The orc priest is lightly wounded.
The orc hits you but does no damage.
You hit the orc priest.
The orc priest looks as sick as possible!
The orc priest is lightly wounded.
The orc priest hits you with a +0 flail.
The crimson imp grinds its teeth.
The orc completely misses you.
You hit the orc priest but do no damage.
The orc priest looks as sick as possible!
The orc priest is moderately wounded.
The orc priest invokes the aid of Beogh against you.
Beogh smites you!
You die...

... #.# # #.#
.# #.# .#
#.#..#
#######.#..##.#
#......o......#
#o# #@# #o# #5#
... #####


You could see an orc priest, a crimson imp and 2 orcs.

Vanquished Creatures
  An orc priest (D:3)
  3 gnolls (D:2)
  An ooze (D:2)
  A dart slug (D:1)
  A leopard gecko (D:1)
  A ball python (D:1)
  7 bats
  5 goblins
  6 hobgoblins
  6 jackals
  5 kobolds (D:1)
  A quokka (D:2)
  4 frilled lizards (D:1)
  5 rats
47 creatures vanquished.

Notes
Turn   | Place    | Note
-------+----------+-------------------------------------------
     0 | D:1      | Esekla the Spriggan Artificer began the quest for the Orb.
     0 | D:1      | Reached XP level 1. HP: 9/9 MP: 4/4
   315 | D:1      | Reached XP level 2. HP: 14/14 MP: 6/6
   534 | D:1      | Reached skill level 1 in Spellcasting
   817 | D:1      | Reached XP level 3. HP: 8/17 MP: 4/7
  1218 | D:2      | Found an iron altar of Okawaru.
  1279 | D:2      | Noticed Sigmund
  1297 | D:2      | Reached XP level 4. HP: 18/21 MP: 6/8
  1505 | D:2      | Found a shimmering blue altar of Sif Muna.
  1754 | D:3      | Killed from afar by an orc priest

Levels and vault maps discovered:
D:1:      eino_arrival_water_star, layout_loops_cross
D:2:      layout_basic, lemuel_crystal_altar, okawaru_ov_weapons_minmay,
          first_ration, nrook_mini_backslash, hangedman_decor_growths,
          uniq_crazy_yiuf_cottage, uniq_sigmund
D:3:      layout_basic, bloody_trog, trog_three_pillars_becter

Skill      XL: |  1  2  3  4 |
---------------+-------------+-----
Spellcasting   | 1 |  1.8
Dodging        | 4 |  4.9
Short Blades   | 2 3 |  3.2
Stealth        | 2 |  2.2
Fighting       | |  0.7
Evocations     | |  4.0

Action                   |  1- 3 |  4- 6 || total
-------------------------+-------+-------++-------
Melee: Short sword       |   136 |    27 ||   163
 Stab: Sleeping          |     4 |     1 ||     5
       Distracted        |     1 |       ||     1
Armor: Robe              |    13 |     5 ||    18
Dodge: Dodged            |   120 |    25 ||   145

Table legend:
 A = Non-vault XP
 B = Vault XP
 C = Vault XP percentage of total XP
 D = Non-vault monster count
 E = Vault monster count
 F = Vault count percentage of total count
                 A         B        C        D         E       F
            +---------+---------+-------+---------+---------+-------
      Total |     161 |       0 |   0.0 |      47 |       0 |   0.0
            +---------+---------+-------+---------+---------+-------
        D:1 |      53 |       0 |   0.0 |      32 |       0 |   0.0
        D:2 |      67 |       0 |   0.0 |      14 |       0 |   0.0
        D:3 |      41 |       0 |   0.0 |       1 |       0 |   0.0
            +---------+---------+-------+---------+---------+-------
